 Dungeon Crawl Stone Soup version 0.30-a0-297-g0ec75d9ef4 (webtiles) character file.

Game seed: 6059122555042002268

3027 blackman the Carver (level 10, -6/79 HPs)
             Began as a Human Delver on Oct 20, 2022.
             Was a Believer of Okawaru.
             Succumbed to a hornet's poison
             ... on level 7 of the Dungeon.
             The game lasted 00:19:32 (12314 turns).

blackman the Carver (Human Delver)                 Turns: 12314, Time: 00:19:33

Health: -6/79      AC: 10    Str: 11    XL:     10   Next: 10%
Magic:  12/13      EV:  8    Int: 11    God:    Okawaru [**....]
Gold:   299        SH:  0    Dex: 18    Spells: 9/9 levels left

rFire   . . .      SeeInvis .    p - +1 long sword (vorpal)
rCold   . . .      Faith    .    (no shield)
rNeg    . . .      Spirit   .    y - +1 chain mail
rPois   .          Reflect  .    (no helmet)
rElec   .          Harm     .    (no cloak)
rCorr   .          Rampage  .    (no gloves)
Will    .....                    (no boots)
Stlth   +++.......               (no amulet)
HPRegen 0.33/turn                (no ring)
MPRegen 0.13/turn                (no ring)

@: lethally poisoned (-6 -> -44), heroic, slowed, very slow
A: camouflage 1, weak 1
a: Renounce Religion, Heroism


You were on level 7 of the Dungeon.
You worshipped Okawaru.
Okawaru was pleased with you.
You visited 1 branch of the dungeon, and saw 7 of its levels.

You collected 299 gold pieces.

Inventory:

Hand Weapons
 a - a +0 falchion
 l - a +0 arbalest
 p - a +1 vorpal long sword (weapon)
Missiles
 i - 2 curare-tipped darts
 r - a throwing net
 u - 5 poisoned darts (quivered)
Armour
 b - a +0 leather armour
 y - a +1 chain mail (worn)
Jewellery
 f - a ring of poison resistance
 j - a ring of positive energy
 w - an amulet of magic regeneration
Wands
 g - a wand of digging (8)
Scrolls
 c - a scroll of fog
 d - 3 scrolls of magic mapping
 e - 2 scrolls of blinking
 h - a scroll of poison {unknown}
 k - a scroll of summoning
 n - a scroll of identify
 t - 2 scrolls of enchant armour
 v - 4 scrolls of teleportation
 x - a scroll of noise
 B - a scroll of silence
 E - a scroll of vulnerability
Potions
 m - a potion of invisibility {unknown}
 o - 3 potions of heal wounds {unknown}
 q - 2 potions of attraction {unknown}
 s - a potion of cancellation {unknown}
 z - a potion of haste
 A - 2 potions of might {unknown}
 C - a potion of ambrosia {unknown}
 D - a potion of mutation


   Skills:
 * Level 7.4(12.4) Fighting
 - Level 10.5(15.5) Long Blades
 - Level 3.0(8.0) Dodging
 - Level 5.5(10.5) Stealth
 - Level 4.1 Invocations


You had 9 spell levels left.
You didn't know any spells.
Your spell library contained the following spells:

 Spells                   Type           Power      Damage    Failure   Level
 Apportation              Tloc           0%         N/A       100%        1
 Necrotise                Necr           0%         1d4       100%        1
 Gell's Gravitas          Tloc           0%         N/A       100%        3
 Lesser Beckoning         Tloc           0%         N/A       100%        3
 Ozocubu's Armour         Ice            0%         N/A       100%        3
 Teleport Other           Tloc           0%         N/A       100%        3
 Olgreb's Toxic Radiance  Pois           0%         N/A       100%        4
 Alistair's Intoxication  Tmut/Pois      0%         N/A       100%        5
 Borgnjor's Vile Clutch   Necr/Erth      0%         N/A       100%        5
 Eringya's Noxious Bog    Tmut/Pois      0%         N/A       100%        6
 Orb of Destruction       Conj           0%         9d5       100%        7
 Ozocubu's Refrigeration  Ice            0%         4d7       100%        7
 Ignition                 Fire           0%         3d3       100%        8
 Summon Small Mammal      Summ           Unusable   N/A       N/A         1
 Summon Guardian Golem    Hex/Summ       Unusable   N/A       N/A         3
 Spellforged Servitor     Conj/Summ      Unusable   N/A       N/A         7

Dungeon Overview and Level Annotations

Branches:
Dungeon (7/15)
 Temple: D:4-7

Altars:
Dithmenos
Elyvilon
Nemelex Xobeh
Okawaru
Vehumet


Innate Abilities, Weirdness & Mutations

Your skin changes colour to match your surroundings (Stealth+).
You are weak. (Str -2)


Message History

You throw a poisoned dart. The poisoned dart hits the hornet.
The hornet stings you but does no damage.
You throw a poisoned dart. The poisoned dart hits the hornet.
The hornet is poisoned.
The hornet stings you!
You feel yourself slow down.
You gain the combat prowess of a mighty hero.
You feel yourself speed up.
The hornet stings you but does no damage.
The hornet stings you!
You are poisoned.
You feel yourself slow down. The hornet stings you.
You suddenly lose the ability to move!
You feel very sick. The hornet stings you!
You feel as though you will be slow longer.
You feel sick. The hornet stings you.
You feel as though you will be slow longer.
The hornet stings you!
You are more poisoned.
You feel as though you will be slow longer.
You can move again.
You hit the hornet but do no damage.
The hornet is moderately wounded.
You feel very sick.
The hornet stings you but does no damage.
You slash the hornet!
The hornet is heavily wounded.
You feel very sick. The hornet stings you!
* * * LOW HITPOINT WARNING * * *
You are lethally poisoned!
You feel as though you will be slow longer.
The hornet stings you!
* * * LOW HITPOINT WARNING * * *
You are more poisoned.
You shrug off the repeated paralysis!
It was a potion of mutation.
You feel extremely strange.
You feel weaker.
Your skin functions as natural camouflage.
You die...

#.. ####...# #.### #...
....... ..... #...####....# #
# #.#.. .....#.....#.# #.#.#..
.###.#.#.....#.#.###.#.#..
.......)........)....[.$<.
##########...#.#.#####.#.#.[.#
#.....#....#..<........ #....
#.....#[#.@##.#..... #.#..
#.....#..[y...# ### #.#.g
#.....###[(#### ..... #..####
#.(# .## .#.##.
#..######..####....##.#.. .
#..........K....# . #.# #
#.###########$......# ##$ ....
..###.. . #.##.## #.#


You could see a hornet (poisoned) and a kobold brigand.

Vanquished Creatures
  6 yaks (D:6)
  Menkaure (D:5)
  Duvessa (D:5)
  3 water moccasins
  An orc warrior (D:7)
  A phantom (D:5)
  2 ogres
  Blork the orc (D:5)
  4 scorpions
  Dowan (D:5)
  2 howler monkeys (D:5)
  6 hounds
  2 jellies
  3 orc priests
  Terence (D:3)
  5 iguanas
  4 orc wizards
  9 gnolls
  7 adders
  An ufetubus (D:5)
  2 worms (D:4)
  A dart slug (D:1)
  12 orcs
  8 ball pythons
  4 endoplasms
  3 giant cockroaches
  6 goblins
  13 hobgoblins
  4 jackals (D:5)
  8 quokkas
  4 kobolds
  5 rats
131 creatures vanquished.

Notes
Turn   | Place    | Note
-------+----------+-------------------------------------------
     0 | D:5      | blackman the Human Delver began the quest for the Orb.
     0 | D:5      | Reached XP level 1. HP: 18/18 MP: 1/1
     2 | D:5      | Noticed Blork the orc
     7 | D:6      | Noticed a scorpion
    28 | D:5      | Noticed a phantom
   185 | D:3      | Reached XP level 2. HP: 15/24 MP: 2/2
   349 | D:3      | Reached XP level 3. HP: 29/29 MP: 3/3
   369 | D:3      | Noticed Terence
   384 | D:3      | Killed Terence
   725 | D:4      | Reached XP level 4. HP: 9/36 MP: 4/4
   972 | D:4      | Found an iron altar of Okawaru.
  1001 | D:4      | Became a worshipper of Warmaster Okawaru
  1209 | D:2      | Reached XP level 5. HP: 42/42 MP: 5/5
  2040 | D:1      | Reached skill level 3 in Long Blades
  2542 | D:2      | Found a sparkling altar of Nemelex Xobeh.
  3573 | D:4      | Reached skill level 4 in Long Blades
  3573 | D:4      | Reached XP level 6. HP: 48/48 MP: 6/6
  3589 | D:4      | Found a radiant altar of Vehumet.
  3654 | D:4      | HP: 1/48 [acid (8)]
  4794 | D:7      | Reached skill level 5 in Long Blades
  7128 | D:6      | Reached XP level 7. HP: 28/53 MP: 7/7
  7289 | D:6      | Noticed a yak
  7290 | D:6      | Noticed a yak
  7290 | D:6      | Noticed a yak
  7290 | D:6      | Noticed a yak
  7310 | D:6      | Killed a yak
  7311 | D:6      | Reached skill level 6 in Long Blades
  7325 | D:6      | Killed a yak
  7326 | D:6      | Reached skill level 7 in Long Blades
  7326 | D:6      | Reached XP level 8. HP: 39/60 MP: 8/8
  7336 | D:6      | Killed a yak
  7337 | D:6      | Reached skill level 8 in Long Blades
  7906 | D:6      | Noticed a yak
  7907 | D:6      | Noticed a yak
  7927 | D:6      | Killed a yak
  8148 | D:6      | Killed a yak
  8149 | D:6      | Reached skill level 9 in Long Blades
  8206 | D:6      | Killed a yak
  8206 | D:6      | Reached * piety under Okawaru
  8207 | D:6      | Reached XP level 9. HP: 31/65 MP: 9/9
  8530 | D:6      | Found a shadowy altar of Dithmenos.
  8655 | D:6      | Reached skill level 10 in Long Blades
  9276 | D:5      | Noticed Duvessa
  9276 | D:5      | Noticed Dowan
  9291 | D:6      | Reached skill level 1 in Invocations
  9401 | D:5      | Noticed Menkaure
  9423 | D:5      | Killed Menkaure
 10075 | D:5      | Killed Blork the orc
 10358 | D:5      | Killed Duvessa
 10358 | D:5      | Reached ** piety under Okawaru
 10374 | D:5      | Killed Dowan
 10375 | D:5      | Reached skill level 5 in Fighting
 10504 | D:5      | Found a white marble altar of Elyvilon.
 11400 | D:5      | Reached XP level 10. HP: 77/77 MP: 13/13
 12309 | D:7      | Paralysed by a hornet for 3 turns
 12314 | D:7      | Gained mutation: You are weak. (Str -2) [potion of
                  | mutation]
 12314 | D:7      | Gained mutation: Your skin changes colour to match your
                  | surroundings (Stealth+). [potion of mutation]
 12314 | D:7      | Succumbed to a hornet's poison

Illustrated notes

Levels and vault maps discovered:
D:1:      amcnicky_arrival_choice, layout_loops_ring
D:2:      layout_loops_corners, basic_altar, kennysheep_generic_room_16
D:3:      layout_loops_cross, uniq_terence
D:4:      layout_cave_pools, mainiacjoe_overflow_alcove_1,
          okawaru_altar_gauntlet_db, portal_sewer_entry_d,
          kennysheep_another_room
D:5:      layout_basic, elyvilon_altar_4, minmay_puff, uniq_menkaure,
          uniq_duvessa, uniq_blork_the_orc
D:6:      layout_basic, marbit_many_paths
D:7:      layout_basic, nemelex_spade_bored_becter, minmay_temple_entry_grid,
          hangedman_decor_opposing, minmay_fractal_squares_5

Skill      XL: |  1  2  3  4  5  6  7  8  9 10 |
---------------+-------------------------------+-----
Dodging        | 3 |  3.0
Long Blades    | 4 5 7 9 10 | 10.5
Invocations    | 4 |  4.1
Fighting       | 6 7 |  7.4
Stealth        | |  5.5

Action                   |  1- 3 |  4- 6 |  7- 9 | 10-12 || total
-------------------------+-------+-------+-------+-------++-------
Melee: Falchion          |    79 |    54 |       |       ||   133
       Punch             |       |     5 |     2 |       ||     7
       Long sword        |       |   203 |   249 |    35 ||   487
 Fire: Arbalest          |       |       |       |     2 ||     2
Throw: Dart              |       |     3 |    33 |     4 ||    40
Invok: Heroism           |       |       |     1 |     2 ||     3
  Use: Potion            |     1 |     2 |     3 |     2 ||     8
       Scroll            |       |       |    11 |       ||    11
 Stab: Sleeping          |     2 |     9 |       |       ||    11
Armor: Leather armour    |    18 |    32 |       |       ||    50
       Chain mail        |       |    81 |    96 |    19 ||   196
Dodge: Dodged            |    68 |   171 |    68 |    15 ||   322

Table legend: (Time is in decaauts)
 A = Elapsed time spent in this place.
 B = Non-inter-level travel time spent in this place.
 C = Inter-level travel time spent in this place.
 D = Time resting spent in this place.
 E = Time spent auto-exploring this place.
 F = Levels seen in this place.
 G = Mean time per level.
                   A        B        C        D        E       F      G
               +--------+--------+--------+--------+--------+-----+--------+
         Total |  12336 |  12037 |    299 |   4979 |   5275 |   7 | 1762.3 |
       Dungeon |  12336 |  12037 |    299 |   4979 |   5275 |   7 | 1762.3 |
               +--------+--------+--------+--------+--------+-----+--------+

Top non-repeatable levels by time:
     D:6: 2907 daAuts
     D:7: 2661 daAuts
     D:5: 2160 daAuts
     D:3: 1561 daAuts
     D:4: 1218 daAuts
     D:2: 1084 daAuts
     D:1: 742 daAuts
